 Dungeon Crawl Stone Soup version 0.30.0 (webtiles) character file.

Game seed: 3844143485919532921

21177 PiratePeteNZ the Basher (level 12, -11/107 HPs)
             Began as a Hill Orc Fighter on May 20, 2023.
             Was an Elder of Beogh.
             Mangled by a cyclops (13 damage)
             ... on level 14 of the Dungeon.
             The game lasted 00:43:42 (11586 turns).

PiratePeteNZ the Basher (Hill Orc Fighter)         Turns: 11586, Time: 00:43:43

Health: -11/107    AC: 21    Str: 28    XL:     12   Next: 87%
Magic:  12/12      EV:  8    Int:  8    God:    Beogh [****..]
Gold:   783        SH:  5    Dex: 12    Spells: 11/11 levels left

rFire   . . .        j - +9 whip of a Labyrinth {flame, +Blink rN+ rCorr}
rCold   + . .        c - +0 buckler
rNeg    + . .        i - +1 plate armour
rPois   .            t - +0 helmet
rElec   .            s - +1 cloak
rCorr   +            (no gloves)
SInv    .            b - +0 pair of boots
Will    .....        (no amulet) Stlth
                     G - ring of the Tarantula {rC+ Str+6}
HPRegen 0.37/turn    (no ring)
MPRegen 0.13/turn

%: no passive effects
@: no status effects
A: no striking features
a: Renounce Religion, Evoke Blink, Smiting, Recall Orcish Followers


You were on level 14 of the Dungeon.
You worshipped Beogh.
Beogh was greatly pleased with you.
You visited 1 branch of the dungeon, and saw 14 of its levels.

You collected 841 gold pieces.
You spent 58 gold pieces at shops.

Inventory:

Hand Weapons
 j - the +9 whip of a Labyrinth (weapon) {flame, +Blink rN+ rCorr}
   (You found it on level 2 of the Dungeon)

   rN:        It protects you from negative energy.
   +Blink:    It lets you blink.
   rCorr:     It protects you from acid and corrosion.
 y - a +2 hand axe of freezing
Missiles
 u - 28 poisoned darts
 A - 3 boomerangs of dispersal
Armour
 b - a +0 pair of boots (worn)
 c - a +0 buckler (worn)
 i - a +1 plate armour (worn)
 s - a +1 cloak (worn)
 t - a +0 helmet (worn)
Jewellery
 G - the ring of the Tarantula (left hand) {rC+ Str+6}
   (You found it on level 7 of the Dungeon)

   [ring of strength]

   Str:       It affects your strength (+6).
   rC:        It protects you from cold.
 K - a ring of wizardry
 M - a ring of magical power
Wands
 m - a wand of iceblast (16)
 E - a wand of mindburst (14)
 H - a wand of polymorph (9)
 L - a wand of charming (3)
Scrolls
 f - 3 scrolls of immolation
 g - 11 scrolls of teleportation
 h - a scroll of silence
 o - 3 scrolls of magic mapping
 v - a scroll of summoning
 C - a scroll of fog
 D - 3 scrolls of fear
 F - a scroll of blinking
 O - a scroll of enchant weapon {unknown}
Potions
 a - a potion of brilliance {unknown}
 d - 3 potions of might
 e - 2 potions of ambrosia {unknown}
 k - 3 potions of curing {unknown}
 l - a potion of flight {unknown}
 n - 18 potions of degeneration
 p - 5 potions of heal wounds
 q - a potion of berserk rage {unknown}
 r - a potion of haste
 w - 2 potions of magic {unknown}
 x - 3 potions of lignification {unknown}
 z - a potion of resistance
 B - a potion of cancellation {unknown}
 I - 2 potions of mutation {unknown}
 N - 3 potions of attraction {unknown}
Miscellaneous
 J - a condenser vane (inert) (quivered)


   Skills:
 + Level 10.4 Fighting
 + Level 3.9(11.3) Axes
 + Level 13.8(14.0) Maces & Flails
 + Level 8.0 Throwing
 + Level 10.7 Armour
 + Level 2.5 Dodging
 + Level 2.1 Stealth
 + Level 6.1 Shields
 + Level 0.2 Invocations
 * Level 2.9 Evocations


You had 11 spell levels left.
You didn't know any spells.
Your spell library contained the following spells:

 Spells                   Type           Power      Damage    Failure   Level
 Magic Dart               Conj           0%         1d3       98%         1
 Ensorcelled Hibernation  Hex/Ice        0%         N/A       99%         2
 Lesser Beckoning         Tloc           0%         N/A       99%         2
 Searing Ray              Conj           0%         2d4       99%         2
 Sublimation of Blood     Necr           0%         N/A       99%         2
 Dazzling Flash           Conj/Hex       0%         N/A       100%        3
 Gell's Gravitas          Tloc           0%         N/A       100%        3
 Spider Form              Tmut/Pois      0%         N/A       100%        3
 Teleport Other           Tloc           0%         N/A       100%        3
 Vhi's Electric Charge    Tloc/Air       0%         N/A       100%        3
 Volatile Blastmotes      Fire/Tloc      0%         2d10      100%        3
 Anguish                  Hex/Necr       0%         N/A       100%        4
 Fulminant Prism          Conj/Hex       0%         3d5       100%        4
 Iskenderun's Mystic Bla  Conj/Tloc      0%         2d3       100%        4
 Petrify                  Tmut/Erth      0%         N/A       100%        4
 Arcjolt                  Conj/Air       0%         1d10      100%        5
 Irradiate                Conj/Tmut      0%         3d11      100%        5
 Starburst                Conj/Fire      0%         6d3       100%        6
 Maxwell's Capacitive Co  Air            0%         ∞         100%        8


Dungeon Overview and Level Annotations

Branches:
Dungeon (14/15)            Temple (0/1) D:7            Lair (0/5) D:10
    Orc (0/2) D:9          Vaults (0/5) D:13

Altars:
Cheibriados
Fedhas
Hepliaklqana
Qazlal
Yredelemnul

Shops:
D:3 [

Portals:
Abyss: D:5

Annotations:
D:12 Nergalle


Message History

The catoblepas is heavily wounded.
The catoblepas breathes a plume of calcifying dust at you.
The blast of calcifying dust hits you. The catoblepas gores you!!
You hit the catoblepas but do no damage.
The catoblepas is heavily wounded.
You whack the catoblepas! You burn the catoblepas.
The catoblepas is severely wounded.
The catoblepas barely misses you.
You whack the catoblepas! You burn the catoblepas.
The catoblepas is almost dead.
You hit the catoblepas but do no damage.
The catoblepas is almost dead.
The catoblepas gores you!
You hit the catoblepas. You burn the catoblepas.
The catoblepas is almost dead.
You hit the catoblepas. You burn the catoblepas.
The catoblepas is almost dead.
The catoblepas gores you.
You completely miss the catoblepas.
The catoblepas is almost dead.
You hit the catoblepas. You burn the catoblepas.
You kill the catoblepas!
Beogh accepts your kill.
There is a strange disturbance nearby!
The condenser vane is presently inert.
There is a stone staircase leading down here.
You climb downwards.
Reactivating autopickup.
The cyclops shouts!
Found 18 gold pieces.
There is a stone staircase leading up here.
The cyclops throws a large rock.
The large rock hits you but does no damage.
The cyclops throws a large rock.
The large rock hits you!
* * * LOW HITPOINT WARNING * * *
The cyclops throws a large rock.
The large rock hits you!!
* * * LOW HITPOINT WARNING * * *
The cyclops hits you!
You die...

#.# #.# # #.#
#.# #.# ..
##.##
####.#...###
...........##
#...C@....#
#..#........#
..$.#.#....#
#.#.##....#.#
# #. #.. .# #
. #.##.# .
#.# # #. #.#


You could see a cyclops.

Vanquished Creatures
  A catoblepas (D:13)
  2 dancing weapons (D:13)
  A boulder beetle (D:12)
  Pikel (D:8)
  A deep elf pyromancer (D:12)
  The ghost of Lightningsun the Carver, a novice HuBe of Trog (D:5)
  A cyclops (D:12)
  2 ugly things (D:12)
  A manticore (D:12)
  4 centaur zombies (D:10)
  2 gargoyles
  An unseen horror (D:12)
  2 unseen horror zombies (D:10)
  2 kobold demonologists
  Maggie (D:9)
  A rime drake (D:10)
  4 trolls
  A polar bear (D:10)
  2 hornets
  A meliai zombie (D:10)
  5 wraiths
  4 vampires
  Sigmund (D:6)
  4 shadows
  A wyvern (D:8)
  9 yaks
  3 vampire mosquitoes (D:11)
  2 steam dragons
  4 acid dragons
  5 water moccasins
  8 ice beasts
  2 orc warriors
  2 black bears
  2 sky beasts
  A small abomination (D:5)
  3 ogres
  7 centaurs
  3 wolves (D:10)
  2 phantoms
  4 lemures (D:8)
  5 kobold brigands
  3 bullfrogs
  A scorpion (D:5)
  4 gnoll sergeants
  3 wights (D:7)
  3 killer bees (D:8)
  14 howler monkeys
  A crimson imp (D:5)
  2 jellies
  A gnoll bouda (D:7)
  6 orc priests
  4 hounds
  A sleepcap (D:8)
  5 iguanas
  6 orc wizards
  9 adders
  24 gnolls
  2 white imps
  2 ufetubi
  3 worms
  2 dart slugs
  28 orcs
  13 bats
  3 endoplasms
  2 giant cockroaches
  3 goblins
  8 hobgoblins
  23 kobolds
  A quokka (D:2)
  10 ball pythons
  13 frilled lizards
  7 rats
316 creatures vanquished.

Vanquished Creatures (collateral kills)
  A cyclops (D:11)
  An ugly thing (D:11)
  An unseen horror (D:11)
  A shadow (D:12)
  A centaur (D:11)
5 creatures vanquished.

Vanquished Creatures (others)
  Nergalle (D:12)
  An orc warrior (D:12)
  A yak (D:12)
  2 orcs
  An endoplasm (D:4)
  4 plants
  4 withered plants
14 creatures vanquished.

Grand Total: 335 creatures vanquished

Notes
Turn   | Place    | Note
-------+----------+-------------------------------------------
     0 | D:1      | PiratePeteNZ the Hill Orc Fighter began the quest for the
                  | Orb.
     0 | D:1      | Reached XP level 1. HP: 19/19 MP: 1/1
   131 | D:1      | Reached XP level 2. HP: 26/27 MP: 2/2
   446 | D:1      | Reached XP level 3. HP: 27/33 MP: 3/3
  1050 | D:2      | Identified the +9 whip of a Labyrinth {flame, +Blink rN+
                  | rCorr}
  1329 | D:2      | Reached XP level 4. HP: 40/40 MP: 4/4
  1622 | D:3      | Reached skill level 1 in Maces & Flails
  1980 | D:3      | Found Ackaciv's Armour Emporium.
  1985 | D:3      | Bought a +0 cloak for 58 gold pieces
  2076 | D:4      | Reached skill level 2 in Maces & Flails
  2076 | D:4      | Reached XP level 5. HP: 39/47 MP: 5/5
  2261 | D:4      | Noticed a black bear
  2267 | D:4      | Killed a black bear
  2268 | D:4      | Reached skill level 4 in Maces & Flails
  2268 | D:4      | Reached XP level 6. HP: 53/53 MP: 6/6
  2603 | D:4      | Found a stormy altar of Qazlal.
  2607 | D:4      | Became a worshipper of Beogh the Brigand
  2834 | D:5      | Entered Level 5 of the Dungeon
  2843 | D:5      | Reached skill level 5 in Maces & Flails
  2843 | D:5      | Reached XP level 7. HP: 58/60 MP: 7/7
  2850 | D:5      | Reached skill level 5 in Fighting
  3189 | D:5      | Reached skill level 6 in Maces & Flails
  3238 | D:5      | Reached skill level 1 in Throwing
  3287 | D:5      | Found a hazy altar of Hepliaklqana.
  3289 | D:5      | Found a snail-covered altar of Cheibriados.
  3289 | D:5      | Found a blossoming altar of Fedhas.
  3472 | D:5      | Reached skill level 7 in Maces & Flails
  3493 | D:5      | Found a transporter.
  3514 | D:5      | Found a transporter.
  3566 | D:5      | Noticed Lightningsun's ghost (novice HuBe)
  3577 | D:5      | Killed Lightningsun's ghost
  3578 | D:5      | Reached skill level 8 in Maces & Flails
  3578 | D:5      | Reached skill level 5 in Armour
  3578 | D:5      | Reached XP level 8. HP: 60/69 MP: 8/8
  3652 | D:5      | Found a one-way gate to the infinite horrors of the Abyss.
  3977 | D:6      | Noticed Sigmund
  3991 | D:6      | Killed Sigmund
  4078 | D:6      | Noticed a kobold demonologist
  4081 | D:6      | Reached XP level 9. HP: 75/75 MP: 9/9
  4108 | D:6      | Reached skill level 9 in Maces & Flails
  4135 | D:6      | Reached * piety under Beogh
  4151 | D:6      | Killed a kobold demonologist
  4580 | D:7      | Reached skill level 10 in Maces & Flails
  4915 | D:7      | Reached skill level 11 in Maces & Flails
  4915 | D:7      | Reached XP level 10. HP: 81/84 MP: 10/10
  4975 | D:7      | Found a staircase to the Ecumenical Temple.
  5178 | D:7      | Reached ** piety under Beogh
  5184 | D:7      | Paralysed by a hornet for 1 turns
  5188 | D:7      | Reached skill level 5 in Shields
  5195 | D:7      | Identified the ring of the Tarantula {rC+ Str+6}
  5681 | D:8      | Noticed Pikel
  5705 | D:8      | Killed Pikel
  5785 | D:8      | Reached skill level 12 in Maces & Flails
  6816 | D:9      | Reached skill level 1 in Dodging
  6870 | D:9      | Found a staircase to the Orcish Mines.
  6964 | D:9      | Found a basalt altar of Yredelemnul.
  6974 | D:9      | Reached skill level 1 in Evocations
  7415 | D:9      | Reached XP level 11. HP: 95/95 MP: 11/11
  7547 | D:9      | Noticed Maggie
  7566 | D:9      | Killed Maggie
  7682 | D:10     | Entered Level 10 of the Dungeon
  7740 | D:10     | Reached *** piety under Beogh
  7994 | D:10     | Reached skill level 5 in Throwing
  8140 | D:10     | Reached skill level 13 in Maces & Flails
  8272 | D:10     | Found a staircase to the Lair.
  8870 | D:10     | Reached skill level 1 in Stealth
  9230 | D:11     | Reached XP level 12. HP: 105/105 MP: 12/12
  9235 | D:11     | Reached **** piety under Beogh
  9272 | D:11     | Noticed Nergalle
  9285 | D:11     | Found a hazy altar of Hepliaklqana.
 10453 | D:12     | Noticed a boulder beetle
 10506 | D:12     | Killed a boulder beetle
 10507 | D:12     | Reached skill level 10 in Fighting
 10507 | D:12     | Reached skill level 10 in Armour
 11081 | D:12     | Your ally Nergalle died
 11427 | D:13     | Found a gate to the Vaults.
 11546 | D:13     | Noticed a catoblepas
 11568 | D:13     | Killed a catoblepas
 11583 | D:14     | HP: 1/107 [cyclops/large rock (23)]
 11586 | D:14     | Mangled by a cyclops

Illustrated notes

Levels and vault maps discovered:
D:1:      minmay_arrival_doors, layout_loops_ring, minmay_lizard_king
D:2:      layout_basic
D:3:      layout_rooms, serial_shops, shop_statue,
          hangedman_abyss_or_decor_stabs
D:4:      layout_basic, mainiacjoe_overflow_cross_hatched,
          minmay_misc_feat_secret_circle
D:5:      layout_gridville, nicolae_overflow_hidden_temple,
          gammafunk_ghost_abyssal_escape
D:6:      minmay_clustersquares, layout_rooms, uniq_sigmund
D:7:      layout_cave_pools, minmay_temple_entry_glassed_door, minmay_checkerbox
D:8:      layout_gridville, uniq_pikel
D:9:      layout_roguey, yredelemnul_altar_generic, orc_0_dummy,
          kennysheep_generic_room_10, uniq_maggie
D:10:     layout_loops_ring, hellmonk_lair_entry_icy, serial_undead,
          serial_undead_e, serial_undead_d, serial_undead_f, serial_undead_a,
          enter_bailey_7
D:11:     layout_loops_ring, grunt_ministairs_11,
          nicolae_hepliaklqana_hazy_memory, uniq_nergalle
D:12:     layout_loops_ring
D:13:     layout_basic, erik_vaults_1, roderic_serpentine_path, tso_altar
D:14:     layout_loops_ring, serial_shops, nicolae_stop_n_shop_2,
          amcnicky_mini_pool_small, hellmonk_guarded_unrand_sphere_of_battle

Skill      XL: |  1  2  3  4  5  6  7  8  9 10 11 12 |
---------------+-------------------------------------+-----
Axes           | 3 |  3.9
Fighting       | 4 5 6 8 9 10 | 10.4
Maces & Flails | 2 4 5 8 11 12 13 | 13.8
Armour         | 4 5 6 7 9 10 | 10.7
Shields        | 4 5 6 |  6.1
Throwing       | 2 3 7 8 |  8.0
Dodging        | 1 2 |  2.5
Evocations     | 1 2 |  2.9
Stealth        | 1 2 |  2.1
Invocations    | |  0.2

Action                     |  1- 3 |  4- 6 |  7- 9 | 10-12 || total
---------------------------+-------+-------+-------+-------++-------
  Melee: War axe           |    97 |       |       |       ||    97
         Whip              |    34 |    86 |   220 |   612 ||   952
  Throw: Boomerang         |       |    18 |    22 |    74 ||   114
         Dart              |       |       |       |    76 ||    76
 Invoke: Convert to Beogh  |       |     1 |       |       ||     1
         Smiting           |       |       |       |     1 ||     1
  Evoke: Wand              |       |       |       |    28 ||    28
         Condenser vane    |       |       |       |     1 ||     1
    Use: Scroll            |       |       |     5 |     7 ||    12
         Potion            |       |       |     1 |     1 ||     2
   Stab: Distracted        |       |       |       |     2 ||     2
 Armour: Scale mail        |     5 |       |       |       ||     5
         Plate armour      |    53 |    39 |    98 |   156 ||   346
         Swamp dragon scal |       |       |       |    65 ||    65
  Dodge: Dodged            |    41 |    22 |    54 |   137 ||   254
  Block: Buckler           |    25 |     9 |    44 |    84 ||   162
